 Dungeon Crawl Stone Soup version 0.21.0-3-g78d12a8 (webtiles) character file.

44 dohliylev the Sneak (level 3, -4/24 HPs)
             Began as a Vampire Enchanter on Jan 8, 2018.
             Slain by a gnoll (6 damage)
             ... on level 2 of the Dungeon.
             The game lasted 00:06:25 (2219 turns).

dohliylev the Sneak (Vampire Enchanter)             Turns: 2219, Time: 00:06:26

Health: -4/24      AC:  2    Str:  7    XL:     3   Next: 41%
Magic:  1/6        EV: 12    Int: 18    God:
Gold:   65         SH:  0    Dex: 14    Spells: 0/6 levels left

rFire    . . .     SeeInvis +   a - +1 dagger
rCold    . . .     Gourm    .   (no shield)
rNeg     + . .     Faith    .   b - +0 robe
rPois    .         Spirit   .   (no helmet)
rElec    .         Reflect  .   (no cloak)
rCorr    .         Harm     .   (no gloves)
MR       .....                  (no boots)
Stlth    +++.......             (no amulet)
HPRegen  0.08/turn              (no ring)
MPRegen  0.10/turn              (no ring)

@: no status effects
A: fangs 3, see invisible, unbreathing
a: Bat Form


You were on level 2 of the Dungeon.
You were not thirsty.

You visited 1 branch of the dungeon, and saw 2 of its levels.

You collected 65 gold pieces.

Inventory:

Hand Weapons
 a - a +1 dagger (weapon)
Armour
 b - a +0 robe (worn)
Scrolls
 f - 2 scrolls of remove curse
 g - 3 scrolls of identify {unknown}
 h - 2 scrolls of teleportation {unknown}
 j - a scroll of fog {unknown}
Potions
 d - 8 potions of blood
 e - a potion of heal wounds {unknown}
 k - a potion of curing {unknown}
Books
 c - a book of Maledictions

   Spells                             Type                      Level
   a - Corona                         Hexes                        1
   b - Ensorcelled Hibernation        Hexes/Ice                    2
   c - Confuse                        Hexes                        3
   d - Tukima's Dance                 Hexes                        3
   e - Dazzling Spray                 Conjuration/Hexes            3


   Skills:
 - Level 1.1 Short Blades
 - Level 2.1 Dodging
 + Level 6.8 Stealth
 - Level 2.0 Spellcasting
 - Level 4.4 Hexes
 - Level 0.4 Ice Magic


You couldn't memorise any spells.
You knew the following spells:

 Your Spells              Type           Power        Failure   Level  Hunger
a - Corona                Hex            ###....      3%          1    #......
b - Ensorcelled Hibernat  Hex/Ice        ##....       10%         2    ###....
c - Confuse               Hex            ###.....     9%          3    ###....


Dungeon Overview and Level Annotations

Branches:
Dungeon (2/15)

Altars:


Innate Abilities, Weirdness & Mutations

You have razor-sharp teeth.
You have supernaturally acute eyesight. (SInv)
You can survive without breathing.


Message History

The gnoll is moderately wounded.
You hit the gnoll.
The gnoll is moderately wounded.
The gnoll hits you!
You hit the gnoll.
The gnoll is severely wounded.
The gnoll hits you!
You hit the gnoll.
The gnoll is almost dead.
The gnoll hits you!
* * * LOW HITPOINT WARNING * * *
Your magical contamination has completely faded away.
Casting: Ensorcelled Hibernation
Confirm with . or Enter, or press ? or * to list all spells.
Aiming: Ensorcelled Hibernation
Press: ? - help, Shift-Dir - straight line, f - gnoll
Aim: a gnoll (severely wounded, chance to defeat MR: 50%)
The gnoll resists with some effort.
The gnoll closely misses you. The gnoll hits you.
You die...

# # # #############
# ##.....#.....####
##................
#(................
#(<.).............
#@.(..............
#.g...............
###..>...#########..
#........# ##>## #.#
#........##8...8##.#
#.....#####.$...##.#
#.....# #8.!...8#.#
#.....## ##.....##.#
#......####8..?8####


You could see a gnoll.

Vanquished Creatures
  An ooze (D:2)
  A worm (D:1)
  2 giant cockroaches (D:1)
  4 goblins (D:1)
  2 hobgoblins (D:1)
  4 jackals (D:1)
  9 kobolds
  4 bats (D:1)
  5 frilled lizards (D:1)
  3 rats
35 creatures vanquished.

Notes
Turn   | Place    | Note
-------+----------+-------------------------------------------
     0 | D:1      | dohliylev the Vampire Enchanter began the quest for the Orb.
     0 | D:1      | Reached XP level 1. HP: 13/13 MP: 3/3
   298 | D:1      | Reached skill level 5 in Stealth
   545 | D:1      | Reached XP level 2. HP: 12/19 MP: 1/5
   627 | D:1      | Learned a level 2 spell: Ensorcelled Hibernation
   787 | D:1      | Reached skill level 6 in Stealth
   929 | D:1      | You fall through a shaft!
  1303 | D:1      | Reached XP level 3. HP: 24/24 MP: 3/6
  1355 | D:1      | Learned a level 3 spell: Confuse
  2198 | D:2      | HP: 1/24 [gnoll (7)]
  2219 | D:2      | Slain by a gnoll

Skill      XL: |  1  2 |
---------------+-------+-----
Stealth        | 5 6 |  6.8
Short Blades   | |  1.1
Dodging        | |  2.1
Spellcasting   | |  2.0
Hexes          | |  4.4
Ice Magic      | |  0.4

Action                   || total
-------------------------++-------
Melee: Dagger            ||   121
       Bite              ||     5
 Cast: Corona            ||    15
       Ensorcelled Hiber ||    28
  Use: Scroll            ||     1
 Stab: Sleeping          ||    14
       Distracted        ||     1
  Eat: Corpse            ||     7
Armor: Robe              ||    23
Dodge: Dodged            ||    94
